 Dungeon Sprint DCSS version 0.03.2.1-42-g860841ac0a (webtiles) character file.

Game seed: 6581694968534063418, levelgen mode: deterministic

762 esc the Quickloader (level 7, -2/60 HPs) Octopode Hunter. Began on Jan 25, 2021. Was an Initiate of Gozag Ym Sagoz. Shot with a bolt by a yaktaur captain (27 damage) ... in the Dungeon (Sprint V: "Ziggurat Sprint"). The game lasted 00:01:55 (119 turns).

esc the Quickloader (Octopode Hunter)                Turns: 119, Time: 00:01:56

Health: -2/60      AC:  1    Str: 22    XL:     7 ^: 110
Magic:  7/7        EV:  6    Int: 23    God:    Gozag Ym Sagoz
Gold:   126        SH: 30    Dex: 24    Spells: 6/6 levels left

rFire    . . .     Vision   +   C - +9 ballista "Sniper" {velocity, Acc+∞ +Vis}
rCold    . . .     Gourm    .   D - +18 shield of the Gong {rElec rN+ MR+ EV-5}
rNeg     + . .     Faith    .   (helmet restricted)
rPois    .         Spirit   .   (no amulet)
rElec    +         Reflect  .   w - ring of dexterity
rCorr    .         Harm     .   x - ring of dexterity
MR       +....     NoTele   +   y - ring of intelligence
Stlth    +++.......             z - ring of intelligence
HPRegen  0.30/turn              A - ring of strength
MPRegen  0.17/turn              B - ring of strength
                                (no ring)
                                (no ring)

@: gold aura
A: almost no armour, stealthy swim, amphibious, 8 rings, constrict 8, camouflage
1, gelatinous body 1
a: Potion Petition, Call Merchant, Bribe Branch, Renounce Religion


You were in the Dungeon.
You worshipped Gozag Ym Sagoz.
Gozag Ym Sagoz was aware of your devotion.
You were not hungry.

You visited 1 branch You collected 126 gold pieces.

Inventory:

Weapons
 C - the +9 ballista "Sniper" (weapon) {velocity, Acc+∞ +Vis}
   (You found it in the Dungeon)

   Any bolt fired from it inflicts extra damage.
   It improves your vision.
   Shields
 D - the +18 shield of the Gong (shield) {rElec rN+ MR+ EV-5}
   (You found it in the Dungeon)

   Base shield rating: 8 Skill to remove penalty: 15.0 It affects your evasion
   (-5).
   It insulates you from electricity.
   It protects you from negative energy.
   It affects your resistance to hostile enchantments.
Jewellery
 w - a ring of dexterity (left tentacle)
 x - a ring of dexterity (right tentacle)
 y - a ring of intelligence (on tentacle)
 z - a ring of intelligence (on tentacle)
 A - a ring of strength (on tentacle)
 B - a ring of strength (on tentacle)
Wands
 t - a wand of disintegration (7)
 u - a wand of iceblast (7)
 v - a wand of acid (7)
Scrolls
 a - 4 scrolls of amnesia
 b - 7 scrolls of fog
 i - 3 scrolls of blinking
 k - a scroll of holy word
 l - 5 scrolls of bless item
 m - 2 scrolls of fear
Potions
 d - 10 potions of curing
 e - 10 potions of heal wounds
 f - 6 potions of haste
 g - 7 potions of magic
 h - 3 potions of berserk rage
 n - 2 potions of brilliance
 o - 2 potions of invisibility
 p - 4 potions of resistance
 r - 5 potions of agility
 s - 5 potions of might
Comestibles
 c - 7 rations


   Skills:
 + Level 10.8 Fighting
 + Level 11.4 Crossbows
 - Level 2.1 Dodging
 - Level 1.3 Stealth
 + Level 9.7 Shields


You had 6 spell levels left.
You didn't know any spells.
Your spell library was empty.

Dungeon Overview and Level Annotations

Branches:
Dungeon (1/1)

Altars:
Ashenzari
Cheibriados
Dithmenos
Elyvilon
Fedhas Madash
Gozag Ym Sagoz
Hepliaklqana
Kikubaaqudgha
Makhleb
Nemelex Xobeh
Okawaru
Qazlal
Ru
Sif Muna
Trog
Uskayaw
Vehumet
Wu Jian
Xom
Yredelemnul
Zin
The Shining One
Beogh
Jiyva
Lugonu

Annotations:
D 1 transporter


Innate Abilities, Weirdness & Mutations

You cannot wear most types of armour.
You are very stealthy in the water. (Stealth+)
You are amphibious.
You can wear up to three rings at the same time.
You can use your tentacles to constrict three enemies at once.
Your skin changes colour to match your surroundings (Stealth+).
Your rubbery body absorbs attacks. (AC +1, EV +1)


Message History

Your base attributes are Str 12, Int 13, Dex 13.
Increase (S)trength, (I)ntelligence, or (D)exterity?
You feel agile.
You have reached level 7!
The bolt pierces through the boggart (33)!!
You kill the boggart!
The yaktaur captain unwields a +3 mace of holy wrath.
It stops glowing.
The yaktaur captain wields a +0 arbalest.
The yaktaur captain shoots a bolt.
The bolt bug you (17)!
Aiming:
C - the +9 ballista "Sniper" {velocity, Acc+∞ +Vis}, Range: 4 (100%)
Press: ? - help, Shift-Dir - straight line, f - yaktaur captain
Aim: a yaktaur captain, wielding a +0 arbalest and carrying a +3 mace of holy wrath (healthy (78/78))
You shoot a bolt.
The bolt pierces through the yaktaur captain (20)!!
The yaktaur captain is moderately wounded. (52/78) HP The yaktaur captain shoots a bolt.
The bolt bug you (18)!!
The yaktaur captain shoots a bolt.
The bolt bug you (27)!!
You die...
Your body crumbles into a pile of gold.

▓▓▓▓▓▓▓▓▓▓▓▓▓
▓.8©8.▓.8©8.▓
▓.=$..▓.....▓
▓..c..▓.".[.▓
▓.....▓.....▓
▓.....▓.....▓
▓.....▓..©..▓
▓..@..▓▓▓▓▓▓▓
▓▓▓▓▓▓▓


You could see a yaktaur captain.

Vanquished Creatures
  An ironbrand convoker (D)
  2 black bears (D)
  A boggart (D)
4 creatures vanquished.

Vanquished Creatures (others)
  2 spatial maelstroms (D)
2 creatures vanquished.

Grand Total: 6 creatures vanquished

Notes
Turn   | Place    | Note
-------+----------+-------------------------------------------
     0 | D        | esc the Octopode Hunter began the quest for the Orb.
     0 | D        | Reached XP level 1. HP: 14/14 MP: 1/1
     2 | D        | Found a blossoming altar of Fedhas.
     3 | D        | Found the +6 Majin-Bo {vampiric, corrupt archmagi; MP+6
                  | Int+6}
     3 | D        | Found the +9 ballista "Sniper" {velocity, Acc+∞ +Vis}
     3 | D        | Found the +10 dark maul {crush}
     3 | D        | Found the +15 Maxwell's patent armour {-Cast -Tele rElec
                  | MR+ rCorr}
     3 | D        | Found the +18 shield of the Gong {rElec rN+ MR+ EV-5}
     3 | D        | Found the +14 obsidian axe {chop, +Fly +Vis Soulbond}
     3 | D        | Found the +7 great mace "Firestarter" {inner flame, rF++}
     3 | D        | Found the +6 shillelagh "Devastator" {shatter}
     3 | D        | Found the +11 plutonium sword {*Contam Stlth-}
     3 | D        | Found the +8 lance "Wyrmbane" {slay drac, rPois rF+ rC+
                  | AC+3}
     3 | D        | Found the +9 sword of Zonguldrok {reap}
     3 | D        | Found the +13 scythe of Curses {drain, Soulbond}
     3 | D        | Found the +0 sword of Power
     3 | D        | Found the +7 mace of Variability {chain chaos}
     3 | D        | Found the +7 Singing Sword {penetrate, sonic wave}
     3 | D        | Found the +8 storm bow {elec, penet}
     6 | D        | Found a viscous altar of Jiyva.
     6 | D        | Found a hazy altar of Hepliaklqana.
     6 | D        | Found a transporter.
     6 | D        | Found an opulent altar of Gozag.
     6 | D        | Found an ancient bone altar of Kikubaaqudgha.
     6 | D        | Found a corrupted altar of Lugonu.
     6 | D        | Banished a spatial maelstrom
     9 | D        | Found a burning altar of Makhleb.
    10 | D        | Found a sacrificial altar of Ru.
    10 | D        | Found a stormy altar of Qazlal.
    10 | D        | Found a shimmering blue altar of Sif Muna.
    10 | D        | Found an iron altar of Okawaru.
    10 | D        | Found a bloodstained altar of Trog.
    10 | D        | Found a sparkling altar of Nemelex Xobeh.
    41 | D        | Reached skill level 5 in Fighting
    41 | D        | Reached skill level 6 in Crossbows
    41 | D        | Reached XP level 2. HP: 24/24 MP: 2/2
    45 | D        | Banished a spatial maelstrom
    50 | D        | Became a worshipper of Gozag Ym Sagoz the Greedy
    57 | D        | Entered arena 2.
    57 | D        | Noticed a black bear
    57 | D        | Noticed a black bear
    57 | D        | Found a transporter.
    61 | D        | Killed a black bear
    61 | D        | Reached skill level 7 in Crossbows
    61 | D        | Reached skill level 5 in Shields
    61 | D        | Reached XP level 3. HP: 25/31 MP: 3/3
    61 | D        | Reached XP level 4. HP: 30/36 MP: 4/4
    64 | D        | Killed a black bear
    64 | D        | Reached skill level 8 in Crossbows
    64 | D        | Reached XP level 5. HP: 31/44 MP: 5/5
   117 | D        | Entered arena 3.
   117 | D        | Noticed an ironbrand convoker
   117 | D        | Noticed a boggart
   117 | D        | Noticed a yaktaur captain
   117 | D        | Found a transporter.
   118 | D        | Killed an ironbrand convoker
   118 | D        | Reached skill level 10 in Fighting
   118 | D        | Reached skill level 11 in Crossbows
   118 | D        | Reached XP level 6. HP: 54/54 MP: 6/6
   118 | D        | Reached XP level 7. HP: 60/60 MP: 7/7
   119 | D        | Shot with a bolt by a yaktaur captain

Levels and vault maps discovered:
D:        sprint_v [room_start, room_1, room_2, room_3, room_4, room_5, room_6,
          room_7, room_8, room_9, room_10, room_11, room_12, room_13, room_14,
          room_15, room_16, room_17, room_18, room_19, room_20, room_21,
          room_22, room_23, room_24, room_25, room_26, room_27]

Skill      XL: |  1  2  3  4  5 |
---------------+----------------+-----
Fighting       | 5 6 7 10 | 10.8
Crossbows      | 6 7 8 11 | 11.4
Shields        | 4 5 6 9 |  9.7
Dodging        | |  2.1
Stealth        | |  1.3

Action                   |  1- 3 |  4- 6 |  7- 9 || total
-------------------------+-------+-------+-------++-------
 Fire: Ballista          |     2 |     4 |     1 ||     7
  Use: Potion            |     1 |       |       ||     1
       Scroll            |     1 |       |       ||     1
Dodge: Dodged            |       |     1 |       ||     1
Block: Heater shield     |     2 |     6 |       ||     8
